 Dungeon Crawl Stone Soup version 0.29.1-1-gd02db6906a (webtiles) character file.

Game seed: 14769100787449419181

9004 RogueRain17 the Destroyer (level 10, 0/69 HPs)
             Began as a Demigod Conjurer on Sept 27, 2022.
             Constricted to death by Jorgrun (6 damage)
             ... on level 1 of the Orcish Mines.
             The game lasted 00:30:00 (10937 turns).

RogueRain17 the Destroyer (Demigod Conjurer)       Turns: 10937, Time: 00:30:02

Health: 0/69       AC:  8    Str:  8    XL:     10   Next: 97%
Magic:  18/21      EV: 12    Int: 38    God:
Gold:   738        SH:  5    Dex: 12    Spells: 9/19 levels left

rFire   . . .      SeeInvis .   s - staff of death
rCold   . . .      Faith    .   G - +0 buckler
rNeg    + . .      Spirit   .   a - +2 robe
rPois   .          Reflect  .   (no helmet)
rElec   .          Harm     .   E - +0 cloak
rCorr   .          Rampage  .   S - +1 pair of gloves
Will    +....                   f - +0 pair of boots
Stlth   ++........              g - amulet of magic regeneration
HPRegen 0.21/turn               d - +6 ring of intelligence
MPRegen 0.57/turn               t - +4 ring of evasion

@: grasped by roots, constricted
A: high MP 1, forlorn, divine attributes
a: no special abilities


You were on level 1 of the Orcish Mines.
You visited 2 branches of the dungeon, and saw 13 of its levels.
You also visited: Sewer.

You collected 738 gold pieces.

Inventory:

Missiles
 Q - a throwing net
Armour
 a - a +2 robe (worn)
 f - a +0 pair of boots (worn)
 E - a +0 cloak (worn)
 G - a +0 buckler (worn)
 S - a +1 pair of gloves (worn)
Magical Staves
 s - a staff of death (weapon)
Jewellery
 d - a +6 ring of intelligence (left hand)
 g - an amulet of magic regeneration (around neck)
 i - a +6 ring of strength
 t - a +4 ring of evasion (right hand)
 M - the ring "Qonwa" {rF++ EV+4 Str+4 Int-3}
   (You found it on level 8 of the Dungeon)

   [ring of evasion]

   EV:        It affects your evasion (+4).
   Str:       It affects your strength (+4).
   Int:       It affects your intelligence (-3).
   rF:        It greatly protects you from fire.
Wands
 r - a wand of roots (14)
 L - a wand of flame (33)
 N - a wand of mindburst (11)
Scrolls
 h - a scroll of torment
 n - 5 scrolls of butterflies
 u - a scroll of summoning
 w - a scroll of poison
 x - a scroll of brand weapon
 y - 2 scrolls of amnesia
 z - 5 scrolls of teleportation
 C - 3 scrolls of immolation
 D - 5 scrolls of fear
 H - a scroll of magic mapping
 K - a scroll of enchant armour
Potions
 c - 3 potions of attraction
 e - a potion of resistance {unknown}
 j - 6 potions of flight
 k - 2 potions of haste {unknown}
 m - 4 potions of lignification {unknown}
 o - 2 potions of might {unknown}
 p - a potion of cancellation {unknown}
 q - a potion of brilliance {unknown}
 v - 6 potions of curing
 A - 2 potions of invisibility {unknown}
 B - 3 potions of degeneration {unknown}
 I - a potion of ambrosia {unknown}
 J - a potion of mutation {unknown}
 O - a potion of heal wounds {unknown}
 P - 2 potions of berserk rage {unknown}


   Skills:
 - Level 1.7 Dodging
 - Level 1.7 Stealth
 - Level 6.0 Shields
 - Level 5.0 Spellcasting
 + Level 10.3 Conjurations
 + Level 10.1 Translocations


You had 9 spell levels left.
You knew the following spells:

 Your Spells              Type           Power      Damage    Failure   Level
a - Magic Dart            Conj           100%       1d8       1%          1
b - Searing Ray           Conj           100%       2d8       1%          2
c - Iskenderun's Mystic   Conj/Tloc      72%        2d15      1%          4
d - Dazzling Flash        Conj/Hex       96%        N/A       1%          3

Your spell library contained the following spells:

 Spells                   Type           Power      Damage    Failure   Level
 Fulminant Prism          Conj/Hex       24%        3d13      4%          4
 Sticky Flame             Conj/Fire      48%        2d7       4%          4
 Vampiric Draining        Necr           14%        2d7       13%         3
 Lightning Bolt           Conj/Air       24%        1d39      14%         5
 Airstrike                Air            4%         2d(1-17)  38%         4
 Cause Fear               Hex            4%         N/A       38%         4
 Summon Lightning Spire   Summ/Air       9%         N/A       38%         4
 Dragon Form              Tmut           4%         N/A       100%        7
 Dragon's Call            Summ           4%         N/A       100%        9


Dungeon Overview and Level Annotations

Branches:
Dungeon (12/15)            Temple (0/1) D:5             Orc (1/2) D:11
  Sewer (visited)
   Lair: D:8-11

Shops:
D:8 *

Annotations:
Orc:1 Jorgrun


Innate Abilities, Weirdness & Mutations

You have an increased reservoir of magic. (+10% MP)
You shall have no god before yourself.
Your divine heritage dramatically boosts your attributes as you level up.


Message History

Casting: Searing Ray (safe; 1% risk of failure)
Confirm with . or Enter, or press ? or * to list all spells.
Casting: Dazzling Flash (safe; 1% risk of failure)
Press: ? - help, Dir - look around, f - activate
Casting: Dazzling Flash (safe; 1% risk of failure)
Confirm with . or Enter, or press ? or * to list all spells.
Casting: Dazzling Flash (safe; 1% risk of failure)
Press: ? - help, Dir - look around, f - activate Jorgrun mutters some incantations to himself.
You block Jorgrun's attack.
Casting: Dazzling Flash (safe; 1% risk of failure)
Confirm with . or Enter, or press ? or * to list all spells.
Casting: Dazzling Flash (safe; 1% risk of failure)
Press: ? - help, Dir - look around, f - activate Jorgrun says, "'tis place shall be yer tomb!"
Jorgrun hits you with a +0 vorpal quarterstaff!
Casting: Dazzling Flash (safe; 1% risk of failure)
Confirm with . or Enter, or press ? or * to list all spells.
Casting: Dazzling Flash (safe; 1% risk of failure)
Press: ? - help, Dir - look around, f - activate Jorgrun hits you with a +0 vorpal quarterstaff.
Casting: Dazzling Flash (safe; 1% risk of failure)
Confirm with . or Enter, or press ? or * to list all spells.
Casting: Dazzling Flash (safe; 1% risk of failure)
Press: ? - help, Dir - look around, f - activate Jorgrun gestures at you while chanting.
Roots burst forth from the earth!
The grasping roots grab you! The grasping roots constrict you.
Magic courses through your body.
Jorgrun hits you with a +0 vorpal quarterstaff!
The grasping roots constrict you!!
* * * LOW HITPOINT WARNING * * *
Casting: Dazzling Flash (safe; 1% risk of failure)
Confirm with . or Enter, or press ? or * to list all spells.
You erupt in a blast of force!
The mystic blast hits Jorgrun!
Jorgrun is heavily wounded.
Jorgrun is knocked back by the mystic blast.
The grasping roots constrict you.
You die...

### ### ##..###.##
..#....#.<.# ##
...........###.##
.........@.##...##
...........#.#...##
.........g......#.##
...................#
.........[......#.##
............)รท..#
..$.......$.[...#
...............#
...............#


You could see Jorgrun.

Vanquished Creatures
  2 two-headed ogres
  2 trolls
  Grinder (D:3)
  Sigmund (D:3)
  11 yaks
  A shadow (D:11)
  A wraith (D:9)
  A wyvern (D:10)
  Menkaure (D:7)
  A warg (Orc:1)
  8 vampire mosquitoes
  2 acid dragons
  A water moccasin (D:8)
  4 orc warriors
  A sky beast (D:7)
  2 black bears
  2 centaurs (D:8)
  A phantom (D:4)
  3 bullfrogs
  2 kobold brigands (Sewer)
  A water moccasin zombie (D:4)
  6 wights (D:9)
  6 killer bees
  A vampire bat (D:6)
  A howler monkey (D:5)
  4 jellies
  2 centaur zombies (D:10)
  A centaur skeleton (D:4)
  7 hounds
  A gnoll bouda (D:4)
  6 orc priests
  7 orc wizards
  2 scorpion zombies (D:4)
  4 iguanas
  8 gnolls
  A howler monkey skeleton (D:4)
  4 adders
  2 river rats (Sewer)
  A shadow imp (D:6)
  An ufetubus (D:5)
  An adder zombie (D:4)
  2 worms
  3 dart slugs
  47 orcs
  3 bat skeletons (D:6)
  2 bat zombies (D:6)
  An endoplasm (D:1)
  4 giant cockroaches
  8 goblins
  4 hobgoblins
  7 jackals
  12 kobolds
  7 quokkas
  6 ball pythons
  6 bats
  A frilled lizard (D:2)
  10 rats
  A spectral goblin (D:1)
239 creatures vanquished.

Vanquished Creatures (others)
  A plant (D:1)
1 creature vanquished.

Grand Total: 240 creatures vanquished

Notes
Turn   | Place    | Note
-------+----------+-------------------------------------------
     0 | D:1      | RogueRain17 the Demigod Conjurer began the quest for the
                  | Orb.
     0 | D:1      | Reached XP level 1. HP: 14/14 MP: 5/5
   142 | D:1      | Reached XP level 2. HP: 6/20 MP: 5/7
   981 | D:1      | Reached XP level 3. HP: 26/26 MP: 4/8
  1806 | D:2      | Reached skill level 5 in Conjurations
  1978 | D:2      | Learned a level 2 spell: Searing Ray
  2036 | D:3      | Noticed Sigmund
  2045 | D:3      | Killed Sigmund
  2046 | D:3      | Reached XP level 4. HP: 33/33 MP: 0/9
  2046 | D:3      | Reached XP level 5. HP: 38/38 MP: 0/10
  2488 | D:3      | Noticed Grinder
  2497 | D:3      | Killed Grinder
  2498 | D:3      | Reached XP level 6. HP: 34/45 MP: 5/11
  3016 | D:4      | Reached XP level 7. HP: 48/50 MP: 6/12
  3131 | D:4      | Learned a level 4 spell: Iskenderun's Mystic Blast
  3142 | D:4      | Reached skill level 1 in Translocations
  3671 | D:5      | Entered Level 5 of the Dungeon
  4245 | D:5      | Reached XP level 8. HP: 44/57 MP: 5/13
  4246 | D:5      | Reached skill level 5 in Translocations
  4403 | D:5      | Found a staircase to the Ecumenical Temple.
  4666 | D:6      | Found a glowing drain.
  4678 | Sewer    | Entered a sewer
  6457 | D:7      | Noticed Menkaure
  6465 | D:7      | Killed Menkaure
  6764 | D:8      | Reached skill level 1 in Shields
  6809 | D:8      | Reached XP level 9. HP: 45/62 MP: 0/16
  6917 | D:8      | Identified the ring "Qonwa" {rF++ EV+4 Str+4 Int-3}
  7066 | D:8      | Found Ryte's Assorted Antiques.
  7623 | D:9      | Identified the +9 sling of Disintegration {venom, *Corrode
                  | Fly rC+ Int+2}
  7800 | D:9      | Reached skill level 5 in Shields
  7800 | D:9      | Reached skill level 5 in Spellcasting
  7801 | D:9      | Reached XP level 10. HP: 32/69 MP: 14/21
  8297 | D:9      | Noticed a two-headed ogre
  8311 | D:9      | Killed a two-headed ogre
  8468 | D:9      | Noticed a cyclops
  8468 | D:9      | Noticed a purple ugly thing
  8642 | D:10     | Entered Level 10 of the Dungeon
  8778 | D:10     | Noticed a two-headed ogre
  8788 | D:10     | Killed a two-headed ogre
  9656 | D:10     | Got the Disquisition on Embers and Dark Liturgies
  9789 | D:10     | Reached skill level 10 in Conjurations
 10208 | D:11     | Noticed a boulder beetle
 10214 | D:11     | Reached skill level 10 in Translocations
 10218 | D:11     | HP: 1/69 [boulder beetle (53)]
 10622 | D:11     | Found a staircase to the Orcish Mines.
 10644 | Orc:1    | Entered Level 1 of the Orcish Mines
 10661 | Orc:1    | Noticed Jorgrun
 10880 | D:12     | Noticed a manticore
 10881 | D:12     | Noticed a cyclops
 10891 | D:12     | Learned a level 3 spell: Dazzling Flash
 10937 | Orc:1    | Constricted to death by Jorgrun

Illustrated notes

Levels and vault maps discovered:
D:1:      denvon_arrival_planthouse, layout_loops_ring,
          dreamdust_ecumenical_altar_drowned_temple
D:2:      layout_rooms
D:3:      layout_loops_ring, uniq_sigmund, uniq_grinder
D:4:      layout_loops_ring, mainiacjoe_overflow_large_starburst, serial_undead,
          serial_undead_a, serial_undead_d, serial_undead_e, serial_undead_f,
          serial_undead_e
D:5:      layout_basic, mainiacjoe_overflow_six_doors_small,
          lemuel_doored_altar, minmay_temple_entry_fiery
D:6:      layout_loops_corners, kennysheep_vampire_church, kennysheep_mini_moat,
          cheibrodos_sewer_entry_sluice
D:7:      layout_basic, old_standard_altar, dreamdust_princess_bridge,
          uniq_menkaure
D:8:      layout_basic, serial_shops, nicolae_take_the_stairs
D:9:      layout_irregular_city, hex_tiny, grunt_tough_drop
D:10:     layout_loops_ring, lemuel_zombie_altar_yredelemnul,
          nicolae_qazlal_scattered_showers, fedhas_altar_2
D:11:     layout_long_grid, david_lair_generic, hiddenorc1_lemuel
D:12:     layout_roguey [special_room_bee], kennysheep_big_empty_room,
          drop_trap, patterned_corridor
Orc:1:    dreamdust_wu_jian_sword_trials, layout_caves, uniq_nergalle,
          uniq_jorgrun, uniq_erica

Skill      XL: |  1  2  3  4  5  6  7  8  9 10 |
---------------+-------------------------------+-----
Conjurations   | 4 6 7 8 10 | 10.3
Translocations | 4 7 8 10 | 10.1
Spellcasting   | 2 5 |  5.0
Shields        | 1 5 6 |  6.0
Dodging        | |  1.7
Stealth        | |  1.7

Action                   |  1- 3 |  4- 6 |  7- 9 | 10-12 || total
-------------------------+-------+-------+-------+-------++-------
Melee: Unarmed           |     1 |       |       |       ||     1
       Staff             |       |       |    10 |    14 ||    24
 Cast: Magic Dart        |    85 |    50 |   196 |    47 ||   378
       Searing Ray       |     2 |     7 |    22 |     9 ||    40
       Iskenderun's Myst |       |       |    30 |    50 ||    80
       Dazzling Flash    |       |       |       |     8 ||     8
  Use: Potion            |     1 |       |       |     2 ||     3
       Scroll            |     7 |       |     5 |     4 ||    16
Armor: Robe              |     3 |     6 |    22 |    13 ||    44
Dodge: Dodged            |    15 |    29 |   101 |    36 ||   181
Block: Buckler           |       |       |       |    10 ||    10
